[Event "Early-Titled-Tuesday-Blitz-October-03-2023"]
[Site "Chess.com"]
[Date "2023.10.03"]
[Round "5"]
[White "chesslh19"]
[Black "Cambek64"]
[Result "1-0"]
[WhiteElo "2335"]
[BlackElo "2465"]
[TimeControl "180+1"]
[EndTime "8:57:33 PDT"]
[Termination "chesslh19 won by resignation"]

1. e4 c5 2. Nf3 d6 3. d4 cxd4 4. Nxd4 Nf6 5. Nc3 a6 6. Be2 e5 7. Nb3 Be7 8. O-O O-O 9. Be3 Be6 10. Qd2 Nbd7 11. a4 Rc8 12. a5 Nc5 13. Nxc5 dxc5 14. Qxd8 Rfxd8 15. f3 c4 16. Na4 Nd7 17. Rfd1 Kf8 18.
Kf1 Ke8 19. Nb6 Nxb6 20. Bxb6 Rxd1+ 21. Rxd1 Bc5 22. Bxc5 Rxc5 23. Ra1 Kd7 24. Ke1 Kc6 25. Kd2 Kb5 26. b3 Kb4 27. Ra4+ Kb5 28. c3 Rc7 29.
Ra1 g6 30. b4 f5 31. exf5 gxf5 32. g3 f4 33. Kc2 Bf5+ 34. Kb2 Rd7 35. Rd1 Rxd1 36.
Bxd1 Bd3 37. Ka3 Kc6 38. Kb2 Kd5 39. Kc1 fxg3 40. hxg3 e4 41. Kd2 Ke5 42. f4+ Kf5 43.
Ke3 h6 44. g4+ Kf6 45. Ba4 Ke6 46. Be8 Kf6 47. Bd7 Bc2 48. Bc8 Ke7 49. Bxb7 Kd6 50.
Bxe4 Bd1 51. Bb7 Bxg4 52. Bxa6 Be6 53. Bb7 Kc7 54. Bf3 Kb8 55. Kd4 Ka7 56. b5 Bf7 57. Kc5 h5 58. f5 h4 59. f6 h3 60. Kb4 h2 61. Bh1 Kb8 62. Kc5 Kc8 63. Kd6 Kb8 64. b6 Bg8 65. a6 Bf7 66. a7+ 1-0

[Event "Early-Titled-Tuesday-Blitz-October-03-2023"]
[Site "Chess.com"]
[Date "2023.10.03"]
[Round "5"]
[White "baki83"]
[Black "TregubovP"]
[Result "1-0"]
[WhiteElo "2829"]
[BlackElo "2615"]
[TimeControl "180+1"]
[EndTime "8:57:37 PDT"]
[Termination "baki83 won by resignation"]

1. d4 Nf6 2. Nf3 d5 3. Bf4 c5 4. e3 Nc6 5. Nbd2 cxd4 6. exd4 Bf5 7. c3 e6 8. Bb5 Bd6 9. Bg3 O-O 10. O-O Rc8 11.
Re1 a6 12. Bf1 b5 13. Bxd6 Qxd6 14. Nb3 Nd7 15. a4 b4 16. Bxa6 Ra8 17. Bb5 bxc3 18. bxc3 Na7 19. Bxd7 Qxd7 20. Nc5 Qd6 21. Ne5 Nc6 22.
Nxc6 Qxc6 23. a5 Rfb8 24. Qa4 Qc7 25. a6 Ra7 26. h3 h6 27. Ra3 e5 28. Rb3 e4 29. Rxb8+ Qxb8 30. Qb4 Qd6 31. Qb5 Kh7 32.
Ra1 e3 33. Qe2 exf2+ 34. Qxf2 Bc8 35. Qe2 Qg6 36. Kh1 Bf5 37. Qf3 Be4 38. Nxe4 dxe4 39. Qe2 f5 40. d5 f4 41. d6 f3 42. gxf3 exf3 43. Qf2 Qe6 44. Qxf3 Qxd6 45. Qf1 Qc6+ 46. Kg1 Qxc3 47. Rd1 Qg3+ 48. Kh1 Qg6 49. Ra1 Qe4+ 50. Qg2 Qd4 51. Qc2+ Kh8 52. Qc8+ Kh7 53. Qc2+ Kh8 54. Qc8+ Kh7 55. Qf5+ Kg8 56. Rc1 Ra8 57. Rc8+ Rxc8 58. Qxc8+ Kh7 59. Qf5+ Kh8 60. Qf8+ Kh7 61. Qf5+ Kh8 62.
Qc8+ Kh7 63. Qc2+ Kh8 64. Qa2 Kh7 65. a7 Qe4+ 66. Kg1 Qe3+ 67. Kf1 Qf3+ 68. Kg1 Qe3+ 69.
Kh1 Qxh3+ 70. Kg1 Qg3+ 71. Kf1 Qf3+ 72. Kg1 Qe3+ 73. Kh1 Qf3+ 74. Kh2 Qf4+ 75. Kh3 Qf3+ 76. Kh2 Qf4+ 77. Kg2 Qg4+ 78. Kf2 Qf4+ 79. Ke1 Qe3+ 80. Kd1 Qd3+ 81. Kc1 Qc3+ 82. Qc2+ Qxc2+ 83. Kxc2 1-0

[Event "Early-Titled-Tuesday-Blitz-October-03-2023"]
[Site "Chess.com"]
[Date "2023.10.03"]
[Round "5"]
[White "Ranindu2003"]
[Black "elmusmolamas"]
[Result "0-1"]
[WhiteElo "2716"]
[BlackElo "2542"]
[TimeControl "180+1"]
[EndTime "8:57:42 PDT"]
[Termination "elmusmolamas won by resignation"]

1. e4 c5 2. c3 Nf6 3. e5 Nd5 4. Nf3 e6 5. d4 cxd4 6. cxd4 Nc6 7. Bd3 d6 8. Nc3 dxe5 9. dxe5 Ndb4 10. Be4 Qxd1+ 11. Kxd1 Bc5 12. a3 Nd5 13. Nxd5 exd5 14.
Bxd5 O-O 15. Ke2 Bg4 16. Bxc6 bxc6 17. Be3 Bxe3 18. Kxe3 Rfb8 19. b4 a5 20. Nd4 Bd7 21. Rhc1 g6 22. Rab1 axb4 23. axb4 Ra3+ 24. Ke4 Ra2 25. Kf3 Ra3+ 26. Kf4 Ra2 27. Kg3 Ra3+ 28. f3 Re8 29. Nxc6 Bxc6 30. Rxc6 Rxe5 31. b5 Rg5+ 32.
Kh3 Rh5+ 33. Kg4 Ra4+ 34. f4 f5+ 35. Kg3 Ra3+ 36. Kf2 Rxh2 37. Rb2 Rh4 38. Rc4 Ra7 39.
b6 Rb7 40. Kf3 Rh1 41. Ke3 Re1+ 42. Kd3 Re6 43. Kd4 Rexb6 44. Rbc2 Kg7 45. Ke5 Re7+ 46.
Kd4 Rbe6 47. Kd5 Re4 48. Rxe4 Rxe4 49. g3 Re3 50. Rg2 h5 51. Kd4 Re4+ 52. Kd3 Kh6 53.
Rc2 Ra4 54. Ke3 Ra3+ 55. Kf2 Ra6 56. Kg2 Rf6 57. Kh3 Kg7 58. Kh4 Kh6 59. Rc8 Re6 60.
Rh8+ Kg7 61. Rd8 Re3 62. Rb8 Ra3 63. Rb6 Rc3 64. Rb1 Rd3 65. Rg1 Ra3 66. Kg5 Kf7 67. Rg2 Re3 68. Kh6 Kf6 69. Kh7 Re7+ 70. Kh6 Re8 71.
Kh7 Re7+ 72. Kh6 Re3 73. Kh7 g5 74. Kh6 g4 75. Kxh5 Re8 0-1

[Event "Early-Titled-Tuesday-Blitz-October-03-2023"]
[Site "Chess.com"]
[Date "2023.10.03"]
[Round "5"]
[White "GalaxyRoman"]
[Black "MrVenky"]
[Result "1-0"]
[WhiteElo "2721"]
[BlackElo "2550"]
[TimeControl "180+1"]
[EndTime "8:57:43 PDT"]
[Termination "GalaxyRoman won on time"]

1. e4 e5 2. Nf3 Nc6 3. Bb5 Nge7 4. d3 a6 5. Ba4 g6 6. O-O Bg7 7. c3 O-O 8. Re1 d6 9. Nbd2 h6 10. Nf1 f5 11. exf5 Nxf5 12. Bc2 Bd7 13. d4 exd4 14. Bxf5 Rxf5 15. Nxd4 Nxd4 16. cxd4 Kh7 17. Ng3 Rf8 18. Be3 b5 19. Rc1 c6 20. Qc2 d5 21.
Qd3 Qh4 22. Re2 Rae8 23. Rce1 Re6 24. Nf1 Rfe8 25. f3 Bxd4 26. Bxd4 Rxe2 27. Rxe2 Rxe2 28.
Qxe2 Qxd4+ 29. Kh1 Qf6 30. Ng3 c5 31. h3 c4 32. Qf2 d4 33. Ne4 Qg7 34. Qh4 g5 35.
Qg3 Bf5 36. Nd6 Bg6 37. f4 d3 38. f5 Bh5 39. Qe3 Qd7 40. Ne4 Qxf5 41. g4 Qf1+ 42. Kh2 Qe2+ 43. Qf2 Qxf2+ 44. Nxf2 Bg6 45. Kg3 d2 46.
Kf3 Bc2 47. Ke2 b4 48. Kxd2 Bb1 49. a3 c3+ 50. Kc1 Bg6 51. axb4 cxb2+ 52. Kxb2 Kg7 53. Kc3 Kf6 54. Kd4 Ke6 55. Nd1 Kd6 56. Ne3 Kc6 57. Kc4 Bf7+ 58. Kc3 Kd6 59. Nf5+ Ke5 60. Nxh6 Bd5 61.
Nf5 Bg2 62. h4 gxh4 63. Nxh4 Be4 64. g5 Kf4 65. Kd4 1-0

[Event "Early-Titled-Tuesday-Blitz-October-03-2023"]
[Site "Chess.com"]
[Date "2023.10.03"]
[Round "5"]
[White "GMBenjaminBok"]
[Black "grzechu96"]
[Result "1/2-1/2"]
[WhiteElo "2987"]
[BlackElo "2668"]
[TimeControl "180+1"]
[EndTime "8:57:49 PDT"]
[Termination "Game drawn by repetition"]

1. d4 d5 2. c4 c6 3. cxd5 cxd5 4.
Nf3 Nf6 5. Nc3 Nc6 6. Bf4 a6 7. Rc1 Bf5 8. e3 e6 9. Qb3 Bb4 10. Be2 Ne4 11. O-O Bxc3 12. bxc3 b5 13. a4 O-O 14. axb5 Na5 15. Qb4 axb5 16. h3 f6 17.
Bxb5 g5 18. Bh2 Rf7 19. Ra1 Rb7 20. Ra3 Nc4 21. Rxa8 Qxa8 22. Bc6 Rxb4 23. Bxa8 Nxc3 24. Ra1 Rb1+ 25. Rxb1 Bxb1 26. Bc6 Kf7 27. Bc7 Ke7 28. h4 g4 29. Nh2 h5 30. Nf1 Bg6 31. Ng3 Nd2 32. Ba5 Nde4 33. Bb4+ Kf7 34. Nxe4 Nxe4 35.
f3 gxf3 36. gxf3 Ng3 37. Be1 Nf5 38. Bf2 Ke7 39. Kg2 Be8 40. Bb7 Nd6 41. Ba8 Bg6 42. Bc6 Be8 43. Ba8 Bg6 44. Bg3 Bd3 45. Kf2 Nf5 46.
Bc6 Ba6 47. Ba4 Nxg3 48. Kxg3 e5 49. Bd1 Bb5 50. f4 exd4 51. exd4 Be8 52. Bf3 Kd6 53. Kf2 f5 54. Ke3 Kc6 55. Kd2 Bf7 56. Kc3 Kb5 57. Kb3 Ka5 58. Be2 Be8 59. Ka3 Bf7 60. Bf3 Kb5 61. Kb3 Ka5 62. Be2 Be8 63. Bd3 Bd7 64.
Ka3 Be6 65. Bc2 Bd7 66. Bb3 Bc6 67. Bd1 Be8 68. Bf3 Bf7 69. Kb3 Kb5 70. Be2+ Ka5 71. Kc3 Be8 72. Bd1 Bf7 73. Bb3 Be6 74. Bc2 Bf7 75.
Kb3 Be6 76. Ka3 Bd7 77. Bb3 Bc6 78. Ba2 Kb5 79. Kb3 Ka5 80. Kc3 Kb5 81. Bb1 Bd7 82.
Bd3+ Ka5 83. Be2 Be8 84. Bf1 Bf7 85. Kb3 Be8 86. Be2 Bf7 87. Bd1 Be8 88. Be2 Bf7 1/2-1/2

[Event "Early-Titled-Tuesday-Blitz-October-03-2023"]
[Site "Chess.com"]
[Date "2023.10.03"]
[Round "5"]
[White "bascheyaro"]
[Black "vugarrasulov"]
[Result "1/2-1/2"]
[WhiteElo "2806"]
[BlackElo "2946"]
[TimeControl "180+1"]
[EndTime "8:57:51 PDT"]
[Termination "Game drawn - insufficient material"]

1. d4 Nf6 2. c4 e6 3. Nf3 a6 4. g3 b5 5. Bg2 Bb7 6. b3 Bb4+ 7. Bd2 Bxd2+ 8. Qxd2 O-O 9. O-O d6 10. Nc3 b4 11. Na4 a5 12. a3 Na6 13. Nb2 c5 14. axb4 axb4 15. Nd3 Qe7 16. Ra5 Rfc8 17. Rfa1 h6 18. h3 Ne4 19. Qe3 Nc3 20. dxc5 dxc5 21. Nfe5 Ra7 22. Nxb4 Bxg2 23. Nxa6 Bb7 24. Qxc3 Rca8 25.
Nxc5 Qxc5 26. Rxa7 Rxa7 27. Nd3 Qc6 28. f3 Qb6+ 29. c5 Rxa1+ 30. Qxa1 Qxb3 31. Kf2 Bd5 32. Qd4 Qb5 33. Nf4 Bb7 34. Qd8+ Kh7 35. Qd3+ Qxd3 36.
Nxd3 Kg6 37. c6 Bc8 38. Ne5+ Kf6 39. Nc4 Ke7 40. Nb6 Kd8 41. Ke3 Ba6 42. Kd4 Bxe2 43. Kc5 Bxf3 44. Kd6 Bxc6 45. Kxc6 Ke7 46. Kc5 Kf6 47. Kd4 Kf5 48. Nd7 f6 49. Ke3 h5 50.
Nf8 g5 51. Kf3 Ke5 52. Ng6+ Kf5 53. Ne7+ Ke5 54. g4 hxg4+ 55. Kxg4 Ke4 56. Ng8 Ke5 57. Kg3 f5 58. Ne7 Ke4 59. Kg2 e5 60. Ng6 f4 61.
Kf2 Kf5 62. Ne7+ Ke6 63. Nc6 e4 64. Nb4 Ke5 65. Kg2 Kd4 66. Kf2 Kc4 67. Nc6 Kd3 68. Ne5+ Kd2 69. Nc4+ Kc3 70. Ne5 Kd4 71. Ng4 Kd3 72.
Ne5+ Kc3 73. Ke2 Kd4 74. Nf7 f3+ 75. Kf2 Kd3 76. Ne5+ Kd4 77. Nxf3+ exf3 78. Kxf3 Ke5 79. Kg4 Kf6 80. h4 gxh4 81. Kxh4 1/2-1/2

[Event "Early-Titled-Tuesday-Blitz-October-03-2023"]
[Site "Chess.com"]
[Date "2023.10.03"]
[Round "5"]
[White "kleinebeer98"]
[Black "Indianlad"]
[Result "1/2-1/2"]
[WhiteElo "2823"]
[BlackElo "3026"]
[TimeControl "180+1"]
[EndTime "8:58:16 PDT"]
[Termination "Game drawn by stalemate"]

1. e4 c6 2. d4 d5 3. f3 g6 4. Nc3 Bg7 5. Be3 Qb6 6. a3 Nf6 7. e5 Ng8 8. f4 h5 9. Nf3 Bg4 10. b4 Nh6 11. h3 Nf5 12. Bf2 Bxf3 13. Qxf3 h4 14. Bd3 e6 15. O-O Nd7 16. Na4 Qd8 17.
Nc5 Nxc5 18. dxc5 Qe7 19. Rad1 Rd8 20. Rb1 O-O 21. Qg4 Ng3 22. Bxg3 hxg3 23. Qxg3 b6 24. h4 bxc5 25. bxc5 Qxc5+ 26. Kh2 Qe7 27. h5 gxh5 28. f5 f6 29. Qg6 fxe5 30. f6 Rxf6 31. Rxf6 Qxf6 32.
Qh7+ Kf7 33. Rf1 e4 34. Rxf6+ Kxf6 35. Bxe4 dxe4 36. Qxe4 Rd5 37. c4 Rf5 38. Qxc6 Bf8 39. a4 a5 40. Qc7 Rc5 41. Qd8+ Kf7 42. Qd3 Rf5 43. Kh3 Be7 44. Qe4 Kf6 45. g4 hxg4+ 46. Kxg4 Kf7 47. Qc2 Bd6 48. Qc1 Ke7 49. Qh6 Kd7 50.
Qg6 Rf4+ 51. Kh3 Rxc4 52. Qf7+ Be7 53. Qf3 Rc5 54. Qb7+ Ke8 55. Qf3 Rd5 56. Qe4 Kd7 57.
Kg4 Bc5 58. Qh7+ Kd6 59. Qg8 Ke5 60. Qf7 Rd4+ 61. Kf3 Bb4 62. Qg7+ Kd5 63. Qd7+ Ke5 64. Qg7+ Kd5 65. Ke3 Bc5 66. Qb7+ Kc4 67. Qb5+ Kd5 68. Kf3 e5 69. Qxa5 Rf4+ 70. Ke2 Rf2+ 71. Kd3 e4+ 72. Kc3 e3 73. Qa8+ Kd6 74. Qd8+ Kc6 75. Qc8+ Kd6 76. Qb8+ Kc6 77. Qb5+ Kd6 78. Qd3+ Kc6 79.
Qe4+ Kd6 80. Kc4 Bb6 81. Kb5 Rb2+ 82. Ka6 e2 83. a5 Bc5 84. Qg6+ Kd5 85. Qf5+ Kc6 86.
Qf6+ Kc7 87. Qe5+ Kc6 88. Qe6+ Kc7 89. Qe5+ Kc6 90. Qe4+ Kc7 91. Qb7+ Rxb7 1/2-1/2

[Event "Early-Titled-Tuesday-Blitz-October-03-2023"]
[Site "Chess.com"]
[Date "2023.10.03"]
[Round "5"]
[White "Mikhail_Golubev"]
[Black "Cheer_Down"]
[Result "1-0"]
[WhiteElo "2602"]
[BlackElo "2415"]
[TimeControl "180+1"]
[EndTime "8:58:21 PDT"]
[Termination "Mikhail_Golubev won by checkmate"]

1. e4 c5 2. Nf3 d6 3. d4 cxd4 4. Nxd4 Nf6 5. Nc3 a6 6. Bc4 e6 7. Bb3 Nc6 8. Be3 Be7 9. Qe2 O-O 10. O-O-O Nxd4 11. Bxd4 b5 12. g4 b4 13. Na4 Bd7 14.
g5 Bb5 15. Qe3 Nd7 16. g6 hxg6 17. Nb6 Nxb6 18. Bxb6 Bg5 19. f4 Bxf4 20. Qxf4 Qxb6 21.
h4 Qc5 22. Rhg1 Qe5 23. Qf2 a5 24. Rg5 Qxe4 25. h5 d5 26. Rdg1 a4 27. hxg6 fxg6 28.
Bxd5 exd5 29. Qd2 Qf4 30. Rxd5 Qf1+ 31. Qd1 Qxd1+ 32. Rgxd1 Bc4 33. R5d4 Rfc8 34. Kb1 b3 35. cxb3 axb3 36. a3 Be6 37. Rd6 Bf5+ 38. Ka1 Kf7 39. R6d4 Kf6 40. Rb4 Bc2 41. Rf1+ Ke7 42. Re1+ Kd6 43.
Rb7 Rc7 44. Rb6+ Kc5 45. Rb4 Rd8 46. Rc1 Rcd7 47. Rxb3 Rd2 48. Rc3+ Kb5 49. R3xc2 Rxc2 50. Rxc2 Rd6 51. Rg2 Kc5 52. Ka2 Kd5 53. b4 Ke4 54.
Kb3 Kf4 55. Rg1 g5 56. b5 g4 57. Rf1+ Ke3 58. Rg1 Kf3 59. a4 g3 60. a5 g2 61. Kb4 Kf2 62. Rxg2+ Kxg2 63. Kc5 Rd1 64. b6 Rc1+ 65. Kb5 Kf2 66. a6 Rb1+ 67. Kc6 Rc1+ 68. Kb7 g5 69. a7 Ra1 70. a8=Q Rxa8 71. Kxa8 g4 72. b7 g3 73. b8=Q g2 74. Qb6+ Kf1 75.
Qf6+ Kg1 76. Qg6 Kh2 77. Qh5+ Kg1 78. Qg4 Kf2 79. Qf4+ Ke2 80. Qg3 Kf1 81. Qf3+ Kg1 82. Kb7 Kh1 83. Qh5+ Kg1 84. Kc6 Kf1 85. Qf5+ Ke2 86.
Qg4+ Kf2 87. Qf4+ Ke2 88. Qg3 Kf1 89. Qf3+ Kg1 90. Kd5 Kh2 91. Qh5+ Kg3 92. Qg5+ Kf3 93. Kd4 Kf2 94. Qf4+ Ke1 95. Qg3+ Kf1 96. Qf3+ Kg1 97.
Ke3 Kh2 98. Qh5+ Kg1 99. Qh4 Kf1 100. Qf2# 1-0

[Event "Early-Titled-Tuesday-Blitz-October-03-2023"]
[Site "Chess.com"]
[Date "2023.10.03"]
[Round "5"]
[White "Boxerandchessplayer"]
[Black "GiorgianBarbosa"]
[Result "1-0"]
[WhiteElo "2171"]
[BlackElo "2373"]
[TimeControl "180+1"]
[EndTime "8:58:44 PDT"]
[Termination "Boxerandchessplayer won by checkmate"]

1. d4 Nf6 2. Nf3 e6 3. c4 d5 4. g3 Be7 5. Bg2 O-O 6. O-O a5 7. Qc2 c6 8. Nbd2 b6 9. e4 Ba6 10. b3 Nbd7 11. Re1 dxc4 12. Nxc4 Rc8 13. Rd1 Re8 14. Bb2 h6 15. Nfe5 b5 16. Ne3 Nxe5 17.
dxe5 Nd7 18. f4 Qb6 19. Rxd7 Qxe3+ 20. Qf2 Qxf2+ 21. Kxf2 Bc5+ 22. Bd4 Bf8 23. Bb6 a4 24. Rc1 axb3 25. axb3 b4 26. Bf1 Bxf1 27. Kxf1 c5 28.
Rc7 Rxc7 29. Bxc7 Ra8 30. Bd6 Ra3 31. Rxc5 Ra8 32. Rb5 Rd8 33. Bxf8 Kxf8 34. Rxb4 Rd2 35. Kg1 g6 36. Rb7 Rb2 37. b4 h5 38. Rb8+ Kg7 39. Rb7 h4 40. gxh4 Re2 41. b5 Rxe4 42. b6 Rxf4 43. Rb8 Rxh4 44. b7 Rb4 45. Kf2 Rb6 46. Ke3 Rb1 47. Kd4 Rd1+ 48. Kc3 Rc1+ 49. Kd2 Rb1 50.
Kc2 Rb6 51. h4 Rb5 52. Kc3 Rb1 53. Kc2 Rb6 54. Kc3 Rb5 55. Kc4 Rb1 56. Kc5 Rc1+ 57. Kd6 Rd1+ 58. Ke7 Rb1 59. Kd7 Rd1+ 60. Kc7 Rc1+ 61.
Kd8 Rb1 62. Ke8 Rb2 63. Ke7 Rb1 64. Ke8 Rb2 65. Ke7 Rb5 66. Kd7 Rb1 67. Kd6 Rd1+ 68.
Kc5 Rc1+ 69. Kb5 Rb1+ 70. Ka6 Ra1+ 71. Kb6 Rb1+ 72. Kc7 Rc1+ 73. Kd7 Rb1 74. Ke7 Rb6 75. Ke8 Rb5 76. Kd7 Rb4 77. Kd8 Rb3 78. Ke7 Rb4 79.
Kd7 Rd4+ 80. Kc6 Rc4+ 81. Kb5 Rc1 82. Rc8 Rb1+ 83. Kc6 Rc1+ 84. Kd7 Rd1+ 85. Ke7 Rb1 86. b8=Q Rxb8 87. Rxb8 g5 88. hxg5 Kg6 89. Rg8+ Kf5 90. Kxf7 Kxe5 91. g6 Kf5 92. g7 e5 93. Re8 e4 94. g8=Q e3 95. Qg6+ Kf4 96. Re4+ Kf3 97.
Qg4+ Kf2 98. Qf4+ Ke2 99. Rxe3+ Kd2 100. Qd4+ Kc2 101. Rc3+ Kb1 102. Qb4+ Ka2 103. Ra3# 1-0

[Event "Early-Titled-Tuesday-Blitz-October-03-2023"]
[Site "Chess.com"]
[Date "2023.10.03"]
[Round "5"]
[White "dodoucb"]
[Black "bazar-wokzal"]
[Result "1-0"]
[WhiteElo "2456"]
[BlackElo "2620"]
[TimeControl "180+1"]
[EndTime "8:59:02 PDT"]
[Termination "dodoucb won on time"]

1. Nf3 c5 2. e3 g6 3. c4 Bg7 4. Nc3 Nf6 5. b3 d5 6. cxd5 Nxd5 7. Bb2 O-O 8. Be2 Nc6 9. O-O b6 10. Rc1 Bb7 11. Na4 Bxb2 12. Nxb2 e5 13. Qc2 Qe7 14. d3 Rad8 15. Rfd1 Rd7 16. h3 Rfd8 17. Qb1 Kg7 18. a3 f6 19. Na4 Nc7 20. Qb2 Ne6 21. Nc3 h6 22. Rb1 Kh7 23. b4 f5 24. Na4 cxb4 25.
axb4 b5 26. Nc3 a6 27. Na2 Nc7 28. Rbc1 Nd5 29. Rb1 Rd6 30. Ne1 R8d7 31. Bf3 Qd8 32. Rdc1 Nde7 33. Nc3 Nb8 34. Ne2 Bxf3 35. Nxf3 Nbc6 36.
Nxe5 Nxe5 37. Qxe5 Rxd3 38. Nd4 Qg8 39. Rc7 Rxc7 40.
Qxc7 Qf7 41. Nc6 Rc3 42. Qxe7 Qxe7 43. Nxe7 Kg7 44. Nd5 Rc4 45. Nf4 Kf7 46. Nd3 g5 47.
Nc5 Kf6 48. Nxa6 Rc2 49. Nc5 Ke5 50. Nd3+ Ke4 51. Nc5+ Kd5 52. Rd1+ Kc4 53. Rd4+ Kc3 54. g4 fxg4 55. hxg4 Rb2 56. Ne4+ Kb3 57. Ng3 Ka3 58.
Nf5 Rxb4 59. Rd3+ Rb3 60. Rd6 b4 61. Ra6+ Kb2 62. Nxh6 Ra3 63. Rb6 b3 64. Nf5 Kc3 65. Nd4 b2 66. Kg2 Ra1 67. Rc6+ Kd3 68. Rb6 b1=Q 69. Rxb1 Rxb1 70. Nf3 Rb4 71. Kg3 Rb1 72. Nxg5 Rg1+ 73. Kf3 Kc4 74. Ne6 Kd5 75. Nf4+ Ke5 76. Nh3 Rh1 77. Kg2 Ra1 78. Kf3 Rh1 79. Kg2 Ra1 80. Ng5 Kf6 81. Nf3 Ra4 82. Kg3 Ra1 83. g5+ Kg6 84. Kf4 Ra4+ 85. e4 Rb4 86. Ne5+ Kg7 87. f3 Ra4 88. Ng4 Ra8 89. Ne3 Rf8+ 90. Nf5+ Kg6 91. Kg4 Re8 92. Nh4+ Kg7 93. Kf4 Rf8+ 94.
Ke3 Ra8 95. f4 Ra3+ 96. Kd4 Ra4+ 97. Kd5 Ra5+ 98. Ke6 Ra6+ 99. Kf5 Ra5+ 100. e5 Ra1 101. Nf3 Ra3 102. Nd4 Ra5 103. Ne6+ Kf7 104. g6+ Kg8 105. Kf6 Ra1 106. f5 Ra8 107. Ng5 Rf8+ 108. Nf7 Ra8 109. e6 Ra6 110. Nh6+ 1-0

[Event "Early-Titled-Tuesday-Blitz-October-03-2023"]
[Site "Chess.com"]
[Date "2023.10.03"]
[Round "5"]
[White "Alenzer"]
[Black "lluiss"]
[Result "0-1"]
[WhiteElo "2089"]
[BlackElo "2219"]
[TimeControl "180+1"]
[EndTime "8:59:17 PDT"]
[Termination "lluiss won by resignation"]

1. e4 e6 2. d4 d5 3. exd5 exd5 4. c4 c6 5. Nc3 Nf6 6. Nf3 h6 7. Bd3 Bd6 8. O-O O-O 9. Re1 Bg4 10. h3 Bh5 11. g4 Bg6 12. Ne5 Bxd3 13. Qxd3 Nbd7 14.
Bf4 dxc4 15. Qxc4 Nb6 16. Qb3 Nbd5 17. Bg3 Qb6 18. Nxd5 Nxd5 19. Nd7 Qxb3 20. axb3 Rfd8 21. Bxd6 Rxd7 22. Bg3 a6 23. Kg2 Nb4 24. Rad1 Rad8 25.
Re4 Nc2 26. Re2 Nxd4 27. Red2 f6 28. f3 Kf7 29. b4 Ke7 30. Re1+ Kf7 31. Red1 b6 32.
Bf2 c5 33. bxc5 bxc5 34. b4 Ke6 35. Re1+ Kd5 36. bxc5 Kxc5 37. Rc1+ Kd5 38. Rxd4+ Ke5 39. Rxd7 Rxd7 40. Rc6 Rd6 41. Rc5+ Rd5 42. Rxd5+ Kxd5 43. Bb6 Kc4 44. Kg3 Kb5 45. Bd8 a5 46. Kf4 a4 47.
Be7 Kc4 48. Kf5 Kd3 49. f4 Ke3 50. Ba3 Kf3 51. Bd6 Kg3 52. Kg6 Kxh3 53. Kh5 Kg3 54.
f5+ Kf3 55. Bc5 Kg3 56. Bd6+ Kf3 57. Kh4 Ke4 58. Ba3 Kf3 59. Bc5 Ke4 60. Ba3 Kf3 61. Kh3 Kf4 62. Bc1+ Ke4 63. Kg3 Kd5 64. Kf4 Kd4 65.
Kf3 Kd3 66. Kf4 Kd4 67. Bb2+ Kd3 68. Ba3 Kd4 69. Kg3 Ke3 70. Kh4 Kf4 71. Bc1+ Kf3 72. Kh5 Kg3 73. Bd2 a3 74. Bc3 a2 75. Ba1 Kf3 76.
Kh4 Kf4 77. Kh3 Kf3 78. Kh4 Kf4 79. Bb2 Kf3 80. Kh5 Kf4 81. Bc1+ Kf3 82. Bb2 Kf4 83. Kh4 Kf3 84. Kh3 Kf4 85. Bc3 h5 86. gxh5 Kxf5 87.
Kh4 Kf4 88. Ba1 Kf5 89. Kg3 Kg5 90. h6 Kxh6 91. Kg4 Kg6 92. Kf4 Kf7 93. Kf5 g6+ 94. Kg4 Ke6 95. Kf3 Kf7 96. Ke3 g5 97. Kd3 Kg6 98. Kc2 Kf5 99. Kb2 g4 100. Kxa2 g3 101. Bd4 g2 102. Kb3 Ke4 103. Bc5 f5 104. Kc2 Kf3 105.
Kd1 f4 106. Ke1 Kg3 107. Bg1 f3 108. Bf2+ Kh2 109. Be3 g1=Q+ 110. Bxg1+ Kxg1 111. Kd2 f2 0-1

[Event "Early-Titled-Tuesday-Blitz-October-03-2023"]
[Site "Chess.com"]
[Date "2023.10.03"]
[Round "5"]
[White "SashaKuzhilniy"]
[Black "Polish_fighter3000"]
[Result "1/2-1/2"]
[WhiteElo "2621"]
[BlackElo "3064"]
[TimeControl "180+1"]
[EndTime "8:59:26 PDT"]
[Termination "Game drawn - insufficient material"]

1. e4 g5 2. d4 h6 3. h4 g4 4. Qxg4 d5 5. Qe2 dxe4 6. Qxe4 Nf6 7. Qd3 Nc6 8. Nf3 Rg8 9. Nc3 a6 10. a3 Qd6 11. g3 Rxg3 12. fxg3 Qxg3+ 13. Kd1 Bg4 14. Be2 O-O-O 15. Rg1 Qh3 16. Bd2 Bf5 17. Qe3 Ng4 18. Qf4 e6 19. Bf1 Nxd4 20. Bxh3 Nf2+ 21.
Kc1 Nxh3 22. Qg3 Nxf3 23. Qxf3 Nxg1 24. Qf2 Nh3 25. Qe3 Bd6 26. Ne2 Be7 27. b3 Bxh4 28. Qxh6 Be7 29. Bc3 Bg5+ 30. Qxg5 Nxg5 31. Kb2 Ne4 32. Nd4 Nxc3 33. Kxc3 Bg6 34. Rf1 Rh8 35. Nf3 Rh3 36. Kb2 f6 37. Nd4 e5 38. Rxf6 exd4 39.
Rxg6 Rh8 40. Rg4 Rd8 41. a4 b6 42. b4 Kb7 43. Kb3 Rd6 44. Kc4 Rc6+ 45. Kb3 Rc3+ 46. Kb2 Rc4 47. Kb3 b5 48. axb5 axb5 49. Rg5 c6 50. Rg7+ Kc8 51. Rg8+ Kd7 52. Rg7+ Ke6 53. Rg6+ Kf5 54. Rg8 Rc3+ 55. Kb2 Ke4 56. Re8+ Kd5 57.
Re7 Kc4 58. Rd7 Re3 59. Rd6 Re2 60. Rxc6+ Kxb4 61. Rd6 Kc5 62. Rd8 Rd2 63. Kb3 Rd1 64. Rc8+ Kb6 65. Rd8 Rb1+ 66. Ka2 Rb4 67. Ka3 Rc4 68.
Kb2 Ka5 69. Kb3 Rc3+ 70. Kb2 Rc4 71. Kb3 Kb6 72. Rb8+ Kc6 73. Rc8+ Kd5 74. Rd8+ Ke4 75. Re8+ Kf3 76. Rf8+ Ke3 77. Rf5 Kd2 78. Rf2+ Kd1 79. Rh2 Rc3+ 80. Kb2 b4 81. Rh1+ Kd2 82. Rh2+ Ke3 83.
Rh3+ Ke4 84. Rh4+ Kd5 85. Rh5+ Kc4 86. Rh8 Rg3 87. Rc8+ Kd5 88. Rd8+ Ke4 89. Rb8 Ke3 90. Rxb4 Rg2 91. Rb3+ Ke4 92. Rh3 Rf2 93. Rh4+ Kd5 94.
Rh3 Kc4 95. Ra3 Re2 96. Ra4+ Kc5 97. Ra3 Kb4 98. Rb3+ Kc4 99. Rh3 Re8 100. Kc1 Ra8 101. Kd2 Rg8 102. Rh7 Rg2+ 103. Kc1 Rg5 104. Rh3 Kb4 105. Rb3+ Kc5 106. Rd3 Kd5 107. Rh3 Kc4 108. Kb2 Rb5+ 109. Kc1 Rb6 110. Rg3 Re6 111. Kd2 Rf6 112. Ra3 Rf2+ 113. Kc1 Re2 114. Rh3 Kd5 115. Kd1 Rg2 116. Rh8 Rg1+ 117. Kd2 Rg2+ 118. Kc1 Rg6 119. Rh3 Ra6 120. Rb3 Re6 121.
Kd2 Rh6 122. Rg3 Rh2+ 123. Kc1 Ke4 124. Rb3 Re2 125. Kd1 Re3 126. Rxe3+ Kxe3 127. Ke1 Kf3 128. Kd2 Ke4 129. Ke2 Ke5 130. Kd3 Kd5 131. c3 dxc3 132. Kxc3 1/2-1/2

[Event "Early-Titled-Tuesday-Blitz-October-03-2023"]
[Site "Chess.com"]
[Date "2023.10.03"]
[Round "6"]
[White "Mysterio47"]
[Black "abc_xyz4744"]
[Result "1-0"]
[WhiteElo "2706"]
[BlackElo "2407"]
[TimeControl "180+1"]
[EndTime "9:02:35 PDT"]
[Termination "Mysterio47 won by resignation"]

1. e4 c5 2. Nf3 g6 3. d4 cxd4 4.
Nxd4 Bg7 5. c4 Nc6 6. Be3 Nf6 7. Nc3 O-O 8. Be2 d6 9. O-O Bd7 10. h3 Nxd4 11. Bxd4 Bc6 12. Qc2 Rc8 13. Rad1 Qa5 14.
a3 Nd7 15. Bxg7 Kxg7 16. b4 Qxa3 17. b5 Bxb5 18. Nxb5 Qc5 19. Rd5 Qb6 20. Bg4 e6 21. Rxd6 Qxb5 22. cxb5 Rxc2 23. Rxd7 1-0

[Event "Early-Titled-Tuesday-Blitz-October-03-2023"]
[Site "Chess.com"]
[Date "2023.10.03"]
[Round "6"]
[White "vasblesk"]
[Black "whiteglovethief"]
[Result "1-0"]
[WhiteElo "2702"]
[BlackElo "2523"]
[TimeControl "180+1"]
[EndTime "9:02:41 PDT"]
[Termination "vasblesk won by resignation"]

1. d4 Nf6 2. c4 c5 3. d5 b5 4. cxb5 a6 5. bxa6 g6 6. Nc3 Bg7 7. e4 d6 8. a7 Rxa7 9. Nf3 O-O 10. Bd3 Ba6 11. O-O Nfd7 12. Bxa6 Nxa6 13. Bd2 c4 14. Qe2 Qc7 15. Nb5 Qb6 16. Nxa7 Qxa7 17. Bc3 Bxc3 18.
bxc3 Nb6 19. Nd4 Nc5 20. Nc6 Qc7 21. Rfb1 e6 22. Nb4 e5 23. Nc6 Nd3 24. a4 f5 25.
a5 Nd7 26. exf5 Rxf5 27. Ne7+ Kg7 28. Nxf5+ gxf5 29. a6 Nb6 1-0

[Event "Early-Titled-Tuesday-Blitz-October-03-2023"]
[Site "Chess.com"]
[Date "2023.10.03"]
[Round "6"]
[White "cycygogne"]
[Black "Juicy_Fork"]
[Result "0-1"]
[WhiteElo "2224"]
[BlackElo "2454"]
[TimeControl "180+1"]
[EndTime "9:02:59 PDT"]
[Termination "Juicy_Fork won by resignation"]

1. e4 e5 2. Nf3 Nc6 3. Bc4 Nf6 4.
d4 exd4 5. Ng5 Ne5 6. Bb3 h6 7. f4 hxg5 8. fxe5 Nxe4 9. Qxd4 d5 10. Bxd5 Bf5 11. O-O Bc5 12. Bxf7+ Kxf7 13. Rxf5+ Kg6 14. Rxg5+ Qxg5 15. Bxg5 Bxd4+ 16. Kf1 Nxg5 0-1

[Event "Early-Titled-Tuesday-Blitz-October-03-2023"]
[Site "Chess.com"]
[Date "2023.10.03"]
[Round "6"]
[White "QuintilianoR"]
[Black "Aleksandar-Topalov"]
[Result "1-0"]
[WhiteElo "2649"]
[BlackElo "2406"]
[TimeControl "180+1"]
[EndTime "9:03:12 PDT"]
[Termination "QuintilianoR won by resignation"]

1. Nf3 e6 2. g3 f5 3. Bg2 Nf6 4. c4 Be7 5. b3 d6 6. Bb2 e5 7. O-O O-O 8. Nc3 Nc6 9. d3 h6 10. Nd2 Be6 11. a3 a5 12. Nd5 Qd7 13. e3 f4 14.
exf4 exf4 15. Re1 fxg3 16. hxg3 Ne5 17. Nxe7+ Qxe7 18. Bxe5 dxe5 19. Rxe5 Qd6 20. Re3 Ng4 21.
Rxe6 Qxd3 22. Qxg4 Qxd2 23. Re2 Qd4 24. Qxd4 1-0

[Event "Early-Titled-Tuesday-Blitz-October-03-2023"]
[Site "Chess.com"]
[Date "2023.10.03"]
[Round "6"]
[White "Boxerandchessplayer"]
[Black "Dr_crypt"]
[Result "0-1"]
[WhiteElo "2168"]
[BlackElo "2428"]
[TimeControl "180+1"]
[EndTime "9:03:19 PDT"]
[Termination "Dr_crypt won by checkmate"]

1. d4 Nf6 2. Nf3 e6 3. e3 d5 4.
Bd3 c5 5. b3 Nc6 6. O-O Bd6 7.
Bb2 b6 8. Nbd2 O-O 9. Ne5 Bb7 10. a3 Rc8 11. f4 Ne7 12. g4 Ne4 13. Bxe4 dxe4 14.
Nec4 Bb8 15. a4 Nd5 16. Qe2 cxd4 17. Bxd4 Nxf4 18. exf4 Qxd4+ 19. Kg2 e3+ 20. Nf3 Qxf4 21. Nxe3 Qxh2# 0-1